 Dungeon Crawl Stone Soup version 0.29.1-15-g9cfb28693d (webtiles) character file.

Game seed: 6054803588090036296

1893 H0rd4k the Charlatan (level 9, -16/68 HPs)
             Began as a Human Artificer on May 2, 2023.
             Demolished by an orc knight
             ... wielding a +0 bardiche
              (36 damage)
             ... in a bailey.
             The game lasted 00:08:25 (6925 turns).

H0rd4k the Charlatan (Human Artificer)              Turns: 6925, Time: 00:08:27

Health: -16/68     AC:  5    Str: 12    XL:     9   Next: 37%
Magic:  12/13      EV: 13    Int: 16    God:
Gold:   253        SH:  0    Dex: 14    Spells: 13/13 levels left

rFire   . . .      SeeInvis .   a - +4 dagger
rCold   + . .      Faith    .   (no shield)
rNeg    . . .      Spirit   .   w - +2 leather armour {rC+}
rPois   .          Reflect  .   (no helmet)
rElec   .          Harm     .   (no cloak)
rCorr   .          Rampage  .   (no gloves)
Will    .....                   (no boots)
Stlth   ++........              (no amulet)
HPRegen 0.21/turn               (no ring)
MPRegen 0.13/turn               (no ring)

@: no status effects
A: no striking features
a: no special abilities


You were in a bailey.
You visited 1 branch of the dungeon, and saw 7 of its levels.
You also visited: Bailey.

You collected 253 gold pieces.

Inventory:

Hand Weapons
 a - a +4 dagger (weapon)
 t - a +0 whip of electrocution
Missiles
 s - 6 poisoned darts
Armour
 w - a +2 leather armour of cold resistance (worn)
Wands
 c - a wand of flame (10) (quivered)
 e - a wand of iceblast (8)
 o - a wand of acid (6)
Scrolls
 f - a scroll of teleportation
 g - 2 scrolls of poison
 m - 2 scrolls of vulnerability
 p - a scroll of immolation {unknown}
 q - 3 scrolls of fog
 r - a scroll of amnesia {unknown}
Potions
 h - 4 potions of flight
 j - 2 potions of heal wounds
 k - a potion of resistance {unknown}
 l - 4 potions of curing
 n - a potion of attraction
 u - a potion of lignification
 v - a potion of brilliance {unknown}
 x - a potion of ambrosia {unknown}


   Skills:
 + Level 5.5 Fighting
 + Level 4.0 Short Blades
 - Level 2.0 Maces & Flails
 - Level 2.0 Armour
 + Level 5.3 Dodging
 + Level 4.1 Stealth
 * Level 2.6 Spellcasting
 + Level 5.8 Evocations


You had 13 spell levels left.
You didn't know any spells.
Your spell library contained the following spells:

 Spells                   Type           Power      Damage    Failure   Level
 Call Canine Familiar     Summ           2%         N/A       58%         3
 Portal Projectile        Hex/Tloc       4%         N/A       58%         3
 Animate Dead             Necr           2%         N/A       94%         4
 Corpse Rot               Necr/Pois/Air  2%         N/A       94%         4
 Dispel Undead            Necr           2%         3d7       94%         4
 Leda's Liquefaction      Hex/Erth       1%         N/A       94%         4
 Borgnjor's Vile Clutch   Necr/Erth      1%         N/A       100%        5
 Death Channel            Necr           1%         N/A       100%        6


Dungeon Overview and Level Annotations

Branches:
Dungeon (7/15)             Bailey (1/1)
 Temple: D:4-7

Altars:
Elyvilon
Qazlal
Ru
Trog

Shops:
D:3 =

Annotations:
D:5 exclusion: upstairs Bailey 2 runed translucent doors


Message History

The orc knight roars a battlecry!
The orcs go into a battle-frenzy!
Unknown command.
Aiming: Corrosive Bolt
Press: ? - help, Shift-Dir - straight line, f/p - orc warrior
Aim: an orc warrior, wielding a +0 glaive and wearing a +0 plate armour (severely wounded, strong, covered in acid, 74% to hit)
The bolt of acid hits the orc warrior!
You kill the orc warrior!
Your Short Blades skill increases to level 4!
Aiming: Corrosive Bolt
Press: ? - help, Shift-Dir - straight line, f - orc knight
Aim: an orc knight, wielding a +0 bardiche and wearing a +0 chain mail (moderately wounded, 71% to hit)
The bolt of acid hits the orc knight.
The orc knight is moderately wounded.
The bolt of acid hits the orc warrior!
The orc warrior is moderately wounded.
The bolt of acid hits the orc!!
The acid corrodes the orc!
You kill the orc!
Aiming: Corrosive Bolt
Press: ? - help, Shift-Dir - straight line, f/p - orc knight
Aim: an orc knight, wielding a +0 bardiche and wearing a +0 chain mail (moderately wounded, 71% to hit)
The bolt of acid hits the orc knight.
The acid corrodes the orc knight!
The orc knight is moderately wounded.
The bolt of acid hits the orc warrior.
The acid corrodes the orc warrior!
The orc warrior is lightly wounded.
The bolt of acid hits the orc!
The acid corrodes the orc!
You kill the orc!
The orc knight closely misses you.
Aiming: Corrosive Bolt
Press: ? - help, Shift-Dir - straight line, f/p - orc knight
Aim: an orc knight, wielding a +0 bardiche and wearing a +0 chain mail (moderately wounded, covered in acid, 71% to hit)
The bolt of acid hits the orc knight!
The orc knight is heavily wounded.
The bolt of acid hits the orc warrior!
The orc warrior is severely wounded.
The bolt of acid hits the orc!
You kill the orc!
The orc knight hits you from afar with a +0 bardiche!!!
Ouch! That really hurt!
You die...

***** ~~~~* ~~~~*
~~~,* ~~,,* ~,,****
####
~,,*,,**########@$#
,,,*,,,,......))..#
,,,**,,,.....).oo##
,,,,*,,*#######.o#
*,,,*,8*#?.,,*#8.#
,,,,*,,*[,,,,,#.)#
,,,,+,,*,,**,.+..#
,,,,+,,*,,**..+..#
,,,,*,,*,,,,..#..#


You could see an orc knight (corroded) and 2 orc warriors.

Vanquished Creatures
  Sigmund (D:6)
  3 orc warriors
  An ogre (D:5)
  3 centaurs
  A bullfrog (D:6)
  A scorpion (D:6)
  2 hounds (D:6)
  An iguana (D:5)
  Robin (D:3)
  A gnoll (D:1)
  5 adders
  2 ufetubi (D:6)
  A worm (D:2)
  4 dart slugs
  17 orcs
  4 ball pythons (D:2)
  3 endoplasms (D:1)
  4 giant cockroaches
  15 goblins
  10 hobgoblins
  3 jackals (D:3)
  12 kobolds
  3 quokkas
  5 bats
  7 frilled lizards
  5 rats
115 creatures vanquished.

Vanquished Creatures (collateral kills)
  2 orc warriors (Bailey)
  A phantom (D:5)
  A scorpion (D:5)
  An orc priest (D:5)
  A hound (D:5)
  2 adders (D:5)
  A white imp (D:5)
  10 orcs
  A goblin (D:1)
  A hobgoblin (D:1)
  A frilled lizard (D:1)
22 creatures vanquished.

Vanquished Creatures (others)
  Pikel (D:6)
  A black bear (D:5)
  A phantom (D:5)
  A lemure (D:6)
  A hound (D:5)
  An adder (D:6)
  A hobgoblin (D:3)
  A quokka (D:1)
8 creatures vanquished.

Grand Total: 145 creatures vanquished

Notes
Turn   | Place    | Note
-------+----------+-------------------------------------------
     0 | D:1      | H0rd4k the Human Artificer began the quest for the Orb.
     0 | D:1      | Reached XP level 1. HP: 15/15 MP: 1/1
   151 | D:1      | Reached XP level 2. HP: 8/21 MP: 2/2
   550 | D:1      | Reached XP level 3. HP: 24/26 MP: 3/3
   917 | D:1      | Found a faded altar of an unknown god.
  1741 | D:2      | Reached XP level 4. HP: 25/32 MP: 4/4
  1968 | D:2      | Reached skill level 1 in Maces & Flails
  2698 | D:2      | Found a stormy altar of Qazlal.
  3781 | D:3      | Found Jaojihich's Jewellery Shoppe.
  3847 | D:3      | Noticed Robin
  3862 | D:3      | Killed Robin
  3863 | D:3      | Reached XP level 5. HP: 24/37 MP: 5/5
  4262 | D:5      | Entered Level 5 of the Dungeon
  4289 | D:5      | Noticed a black bear
  4290 | D:5      | Noticed a phantom
  4326 | D:5      | Found a bloodstained altar of Trog.
  4330 | D:5      | Reached XP level 6. HP: 7/45 MP: 6/6
  4691 | D:5      | Noticed an ogre
  4696 | D:5      | Killed an ogre
  4847 | D:5      | Noticed an orc warrior
  4862 | D:5      | Reached XP level 7. HP: 52/52 MP: 7/7
  5142 | D:5      | Found a sacrificial altar of Ru.
  5207 | D:5      | Found a white marble altar of Elyvilon.
  5912 | D:6      | Reached skill level 5 in Evocations
  5912 | D:6      | Reached XP level 8. HP: 54/60 MP: 8/8
  5964 | D:6      | Noticed Sigmund
  5967 | D:6      | Killed Sigmund
  5968 | D:6      | Reached skill level 1 in Short Blades
  6431 | D:6      | Reached skill level 1 in Spellcasting
  6624 | D:6      | Noticed Pikel
  6652 | D:6      | Your ally Pikel died
  6653 | D:6      | Reached skill level 5 in Fighting
  6653 | D:6      | Reached skill level 5 in Dodging
  6653 | D:6      | Reached XP level 9. HP: 15/68 MP: 9/11
  6734 | D:7      | Found a stormy altar of Qazlal.
  6740 | D:7      | Found a flagged portal.
  6894 | Bailey   | Entered a bailey
  6900 | Bailey   | Found a large runed translucent door.
  6900 | Bailey   | Found a large runed translucent door.
  6902 | Bailey   | Noticed a deep elf zephyrmancer
  6906 | Bailey   | Noticed an orc knight
  6925 | Bailey   | Demolished by an orc knight

Illustrated notes

Levels and vault maps discovered:
D:1:      mrwooster_arrival_statue, layout_loops_ring,
          shapermc_ecumenical_altar_flowoftime
D:2:      layout_loops_ring, basic_altar
D:3:      layout_basic, serial_shops, shop, uniq_robin
D:4:      layout_loops_corners, nicolae_hepliaklqana_monster_ancestors,
          kennysheep_mini_moat, minmay_temple_entry_poolview,
          chequers_serial_rivers_micro_e, uniq_edmund
D:5:      layout_basic, overflow_temple_1_default, nicolae_ru_awakened_eye,
          elyvilon_altar_1, chequers_serial_rivers_micro_d,
          chequers_serial_rivers_marsh, hangedman_minor_gate_pass
D:6:      layout_basic, gammafunk_ghost_grave, st_stairs_8, uniq_sigmund,
          uniq_pikel
D:7:      layout_layer_cave, nicolae_tso_besieged_by_evil,
          mainiacjoe_overflow_concentric_impassable, overflow_temple_1_default,
          enter_bailey_2, serial_shops, nicolae_inconvenience_store,
          hangedman_decor_clover_reticule
Bailey:   bailey_polearm_elven_captive_hellmonk, bailey

Skill      XL: |  1  2  3  4  5  6  7  8  9 |
---------------+----------------------------+-----
Evocations     | 4 5 |  5.8
Maces & Flails | 1 2 |  2.0
Fighting       | 2 3 4 5 |  5.5
Dodging        | 2 3 4 5 |  5.3
Stealth        | 2 3 4 |  4.1
Short Blades   | 2 4 |  4.0
Spellcasting   | 1 2 |  2.6
Armour         | |  2.0

Action                   |  1- 3 |  4- 6 |  7- 9 || total
-------------------------+-------+-------+-------++-------
Melee: Club              |    95 |       |       ||    95
       Mace              |    22 |    93 |       ||   115
       Punch             |     2 |     2 |     1 ||     5
       Whip              |       |    70 |       ||    70
       Dagger            |       |     9 |   162 ||   171
Evoke: Wand              |     3 |    18 |    21 ||    42
  Use: Scroll            |       |       |    15 ||    15
       Potion            |       |       |     1 ||     1
 Stab: Sleeping          |     1 |     4 |     3 ||     8
Armor: Leather armour    |    30 |    51 |    32 ||   113
Dodge: Dodged            |    81 |    97 |   108 ||   286
